 Dungeon Crawl Stone Soup version 0.18-a0-20-gaede791 (webtiles) character file.

1388 Gargoyl the Skirmisher (level 8, -5/64 HPs)
             Began as a Demonspawn Abyssal Knight on Nov 2, 2015.
             Was an Elder of Lugonu.
             Slain by an orc warrior
             ... wielding a +0 glaive
              (7 damage)
             ... on level 6 of the Dungeon on Jan 8, 2016.
             The game lasted 00:11:44 (6120 turns).

Gargoyl the Skirmisher (Demonspawn Abyssal Knight)  Turns: 6120, Time: 00:11:44

Health: -5/64      AC: 21    Str: 14    XL:     8   Next: 40%
Magic:  10/10      EV:  5    Int: 15    God:    Lugonu [****..]
Gold:   374        SH:  5    Dex: 12    Spells: 0 memorised, 7 levels left

rFire  + . .     SeeInvis .     b - +0 war axe
rCold  . . .     Clarity  .     j - +4 plate armour
rNeg   . . .     SustAt   .     c - +1 buckler
rPois  .         Gourm    .     (no helmet)
rElec  .         Spirit   .     (no cloak)
rCorr  .         Warding  .     (no gloves)
rMut   +         Stasis   .     l - +0 pair of boots
MR     .....                    r - amulet of resist mutation
Stlth  ..........               (no ring)
                                (no ring)

@: not resistant to hostile enchantments, extremely unstealthy
A: iridescent scales 1, fire resistance 1, spiny 1, flame cloud immunity
a: Depart the Abyss, Bend Space, Banish, Corrupt, Renounce Religion


You were on level 6 of the Dungeon.
You worshipped Lugonu.
Lugonu was greatly pleased with you.
You were very hungry.

You visited 1 branch of the dungeon, and saw 6 of its levels.
You visited the Abyss 1 time.

You collected 374 gold pieces.

Inventory:

Hand Weapons
 b - a +0 war axe (weapon)
 n - a +2 flail of protection
Armour
 c - a +1 buckler (worn)
 j - a +4 plate armour (worn)
 l - a +0 pair of boots (worn)
Jewellery
 r - an amulet of resist mutation (around neck)
Wands
 a - a wand of magic darts (16)
Scrolls
 f - 4 scrolls of remove curse
 g - a scroll of amnesia
 i - 8 scrolls of identify
 m - 3 scrolls of teleportation
 s - a scroll of noise {unknown}
 t - a scroll of immolation {unknown}
 v - a scroll of fear {unknown}
Potions
 d - a potion of experience {unknown}
 e - 2 potions of ambrosia
 h - 4 potions of curing
 o - a potion of resistance {unknown}
 p - a potion of might {unknown}
 q - a potion of flight {unknown}
 u - a potion of poison {unknown}
Comestibles
 k - 5 meat rations


   Skills:
 + Level 5.7 Fighting
 + Level 4.4 Axes
 + Level 4.7 Armour
 + Level 4.3 Dodging
 + Level 0.8 Stealth
 + Level 2.9 Shields
 + Level 2.8 Invocations


You had 7 spell levels left.
You didn't know any spells.

Dungeon Overview and Level Annotations

Branches:
Dungeon (6/15)             Temple (0/1) D:6

Altars:
Kikubaaqudgha


Innate Abilities, Weirdness & Mutations

You are partially covered in iridescent scales (AC +4).
Your flesh is heat resistant.
You are partially covered in sharp spines.
You are immune to clouds of flame.


Message History

You block the orc warrior's attack.
The orc warrior hits you but does no damage.
You block the orc warrior's attack.
The orc warrior hits you from afar with a glaive!
The orc warrior hits you but does no damage.
The orc warrior hits you from afar with a glaive.
The orc warrior hits you from afar with a glaive!
The orc warrior hits you from afar with a glaive!
The orc warrior hits you but does no damage.
The orc warrior hits you from afar with a glaive!
* * * LOW HITPOINT WARNING * * *
The orc warrior hits you but does no damage.
The orc warrior hits you but does no damage.
The orc warrior hits you but does no damage.
The orc warrior hits you from afar with a glaive!
* * * LOW HITPOINT WARNING * * *
The orc warrior hits you but does no damage.
The orc warrior barely misses you.
The orc warrior hits you from afar with a glaive!
You die...

#.#.#.###.#.#.# #
###.#..#...#..#.## #
.....#..###..#...# #
#...##...##....# ####
#.....###......# #...
#.###.#.#####.#####.##
#)#...............
#.#############... #@#
#..# #...# #..#
.o..#.# #..# ###...##
#..# ##.# #..# #.#
#..# #.# ...# #.# #.##


You could see an orc warrior.

Vanquished Creatures
  The ghost of Gargoyl the Skirmisher, an amateur DsAK of Lugonu (D:4)
  An ice beast (D:5)
  An ogre (D:5)
  A centaur (D:5)
  A phantom (D:4)
  2 scorpions
  A crimson imp (D:6)
  A centaur skeleton (D:4)
  2 iguanas (D:5)
  2 giant frog skeletons
  4 orc priests
  4 worker ants
  6 orc wizards
  10 adders
  4 gnolls (D:3)
  A shadow imp (D:5)
  An adder zombie (D:5)
  An ooze (D:1)
  4 worms
  3 giant geckos
  16 orcs
  11 bats
  8 hobgoblins
  11 jackals
  5 kobolds
  2 ball pythons
  3 giant cockroaches
  A giant gecko skeleton (D:5)
  3 giant newts
  8 goblins
  A jackal skeleton (D:6)
  6 rats
126 creatures vanquished.

Vanquished Creatures (others)
  A human (D:5)
1 creature vanquished.

Grand Total: 127 creatures vanquished

Notes
Turn   | Place    | Note
--------------------------------------------------------------
     0 | Abyss:1  | Gargoyl the Demonspawn Abyssal Knight began the quest for the Orb.
     0 | Abyss:1  | Reached XP level 1. HP: 18/18 MP: 2/2
     1 | Abyss:1  | Found a corrupted altar of Lugonu.
    35 | Abyss:1  | Noticed a small abomination
    35 | Abyss:1  | Noticed a shadow dragon skeleton
    36 | D:1      | Escaped the Abyss
   225 | D:1      | Reached * piety under Lugonu
   231 | D:1      | Reached skill level 1 in Dodging
   401 | D:1      | Gained mutation: Your flesh is heat resistant. [demonic ancestry]
   401 | D:1      | Reached XP level 2. HP: 24/24 MP: 4/4
  1058 | D:1      | Reached XP level 3. HP: 12/29 MP: 5/5
  1769 | D:2      | Found a faded altar to an unknown god.
  2064 | D:3      | Reached ** piety under Lugonu
  2381 | D:3      | Reached XP level 4. HP: 24/37 MP: 6/6
  3166 | D:3      | Gained mutation: You are immune to clouds of flame. [demonic ancestry]
  3166 | D:3      | Reached XP level 5. HP: 22/42 MP: 7/7
  3193 | D:3      | Reached skill level 4 in Fighting
  4157 | D:4      | Reached skill level 1 in Shields
  4432 | D:4      | Gained mutation: You are partially covered in sharp spines. [demonic ancestry]
  4432 | D:4      | Reached XP level 6. HP: 49/49 MP: 8/8
  4594 | D:4      | Noticed Gargoyl's ghost (amateur DsAK)
  4607 | D:4      | Killed Gargoyl's ghost
  4607 | D:4      | Reached *** piety under Lugonu
  4765 | D:4      | Gained mutation: You are partially covered in iridescent scales (AC +4). [demonic ancestry]
  4765 | D:4      | Reached XP level 7. HP: 52/55 MP: 9/9
  5089 | D:5      | Entered Level 5 of the Dungeon
  5277 | D:5      | Reached skill level 5 in Fighting
  5318 | D:5      | Reached XP level 8. HP: 31/62 MP: 10/10
  5808 | D:5      | Reached **** piety under Lugonu
  5977 | D:5      | Found an ancient bone altar of Kikubaaqudgha.
  6053 | D:6      | Found a staircase to the Ecumenical Temple.
  6116 | D:6      | HP: 1/64 [orc warrior/glaive (10)]
  6120 | D:6      | Slain by an orc warrior

Vault maps used:
D:1:      roderic_crossed_star, serial_bayou_lake_a
D:2:      ecumenical_altar_1, corner_web_ring
D:3:      serial_glass, glass_columns_a, glass_columns_a
D:4:      first_bread
D:5:      tgw_kikubaaqudgha
D:6:      minmay_temple_entry_steel_oval, serial_shops, nicolae_shop_waterfront,
          nicolae_shop_crystal, shop

Action                   |  1- 3 |  4- 6 |  7- 9 || total
-------------------------+-------+-------+-------++-------
Melee: Hand axe          |   117 |       |       ||   117
       War axe           |    22 |   195 |    61 ||   278
Invok: Depart the Abyss  |     1 |       |       ||     1
  Use: Scroll            |     7 |     5 |     1 ||    13
       Potion            |       |     5 |       ||     5
  Eat: Bread ration      |     1 |     2 |       ||     3
       Beef jerky        |     1 |     1 |       ||     2
